RL
ALBANY CHIEFS @ CHESAPEAKE MALLARDS
08/18/2059
 
TOP OF THE 1ST
Albany Chiefs batting - Pitching for Chesapeake Mallards : LHP Remington DesMarais
Pitching: LHP Remington DesMarais
Batting: RHB Martin McDaniel 0-0: Ball
1-0: Called Strike
1-1: Ball
2-1: Called Strike
2-2: Foul Ball, location: 2F
2-2: Ball
3-2: Base on Balls
Batting: RHB Rob Lewis 0-0: Called Strike
0-1: Foul Ball, location: 2F
0-2: Strikes out swinging
Batting: SHB Ean Fink 0-0: Ball
1-0: Ball
2-0: Fly out, F7 (Flyball, 7D, EV 96.9 MPH)
Batting: RHB Luke Johnson 0-0: Called Strike
0-1: Ball
1-1: Ball
Martin McDaniel is caught stealing 2nd base 2-4
Top of the 1st over - 0 runs, 0 hits, 0 errors, 0 left on base; Albany 0 - Chesapeake 0
BOTTOM OF THE 1ST
Chesapeake Mallards batting - Pitching for Albany Chiefs : LHP Cornelius Harding
Pitching: LHP Cornelius Harding
Batting: RHB Justin Reaves 0-0: Ball
1-0: DOUBLE (Line Drive, 7LS, EV 95.0 MPH)
Batting: RHB Elias Howard 0-0: Ball
1-0: Fly out, F9 (Line Drive, 89M, EV 109.4 MPH)
Batting: LHB Brice Younce 0-0: Ground out 4-3 (Groundball, 4S, EV 85.0 MPH)
Justin Reaves to third
Batting: RHB Trystan Didkowsky 0-0: Foul Ball, location: 2F
0-1: SINGLE (Line Drive, 4D, EV 94.4 MPH)
Justin Reaves scores
Batting: LHB Justin Rice 0-0: Ball
1-0: Ball
2-0: Fly out, F9 (Flyball, 9LM, EV 90.0 MPH)
Bottom of the 1st over - 1 run, 2 hits, 0 errors, 1 left on base; Albany 0 - Chesapeake 1
TOP OF THE 2ND
Albany Chiefs batting - Pitching for Chesapeake Mallards : LHP Remington DesMarais
Batting: RHB Luke Johnson 0-0: Foul Ball, location: 2F
0-1: Ball
1-1: Swinging Strike
1-2: Foul Ball, location: 2F
1-2: Ball
2-2: Foul Ball, location: 2F
2-2: Foul Ball, location: 2F
2-2: Foul Ball, location: 2F
2-2: Ball
3-2: Base on Balls
Batting: RHB Tim Mosley 0-0: Called Strike
0-1: SINGLE (Groundball, 56S, EV 69.4 MPH) (infield hit)
Luke Johnson to second
Batting: LHB Israel Ball 0-0: Ball
1-0: Swinging Strike
1-1: Ball
2-1: Ball
3-1: Called Strike
3-2: Strikes out looking
Batting: LHB John White 0-0: Ball
1-0: Called Strike
1-1: Ball
2-1: Ball
3-1: Called Strike
3-2: Foul Ball, location: 2F
3-2: Base on Balls
Luke Johnson to third
Tim Mosley to second
Batting: RHB Ash Djojopoespito 0-0: Swinging Strike
0-1: Ball
1-1: Ball
2-1: Called Strike
2-2: Foul Ball, location: 2F
2-2: Foul Ball, location: 2F
2-2: Ball
3-2: Foul Ball, location: 2F
3-2: Foul Ball, location: 2F
3-2: Foul Ball, location: 2F
3-2: Strikes out looking
Batting: RHB Beau Ede 0-0: Called Strike
0-1: Ball
1-1: Called Strike
1-2: Strikes out swinging
Top of the 2nd over - 0 runs, 1 hit, 0 errors, 3 left on base; Albany 0 - Chesapeake 1
BOTTOM OF THE 2ND
Chesapeake Mallards batting - Pitching for Albany Chiefs : LHP Cornelius Harding
Batting: SHB Bryson Daly 0-0: Foul Ball, location: 2F
0-1: Swinging Strike
0-2: Ball
1-2: Ball
2-2: Foul Ball, location: 2F
2-2: Foul Ball, location: 2F
2-2: Ground out 4-3 (Groundball, 4S, EV 70.6 MPH)
Batting: LHB Justin Long 0-0: Swinging Strike
0-1: Called Strike
0-2: Ball
1-2: Strikes out swinging
Batting: LHB Cole Hasten 0-0: Ball
1-0: Fly out, F7 (Flyball, 78M, EV 89.4 MPH)
Bottom of the 2nd over - 0 runs, 0 hits, 0 errors, 0 left on base; Albany 0 - Chesapeake 1
TOP OF THE 3RD
Albany Chiefs batting - Pitching for Chesapeake Mallards : LHP Remington DesMarais
Batting: RHB Martin McDaniel 0-0: Ball
1-0: Swinging Strike
1-1: Ball
2-1: Ball
3-1: Foul Ball, location: 2F
3-2: Base on Balls
Batting: RHB Rob Lewis 0-0: Called Strike
Martin McDaniel steals 2nd base
0-1: Ball
1-1: Ball
2-1: Foul Ball, location: 2F
2-2: Fly out, F8 (Flyball, 8LM, EV 97.5 MPH)
Batting: SHB Ean Fink 0-0: Foul Ball, location: 2F
0-1: Swinging Strike
0-2: Ball
1-2: Ball
2-2: Ball
3-2: Strikes out looking
Pitching: RHP Elwin Magomu
Batting: RHB Luke Johnson 0-0: Ball
1-0: Called Strike
1-1: Ground out 5-3 (Groundball, 5S, EV 85.0 MPH)
Top of the 3rd over - 0 runs, 0 hits, 0 errors, 1 left on base; Albany 0 - Chesapeake 1
BOTTOM OF THE 3RD
Chesapeake Mallards batting - Pitching for Albany Chiefs : LHP Cornelius Harding
Batting: RHB Mikel Slayden 0-0: Called Strike
0-1: Ball
1-1: Ball
2-1: Swinging Strike
2-2: Strikes out swinging
Batting: RHB Justin Reaves 0-0: Bunt for hit to 3S - play at first, batter safe!
Batting: RHB Elias Howard 0-0: Ball
1-0: Called Strike
1-1: Called Strike
1-2: Strikes out swinging
Batting: LHB Brice Younce 0-0: Fly out, F9 (Line Drive, 9, EV 100.6 MPH)
Bottom of the 3rd over - 0 runs, 1 hit, 0 errors, 1 left on base; Albany 0 - Chesapeake 1
TOP OF THE 4TH
Albany Chiefs batting - Pitching for Chesapeake Mallards : RHP Elwin Magomu
Batting: RHB Tim Mosley 0-0: Called Strike
0-1: Ball
1-1: Called Strike
1-2: Ball
2-2: Foul Ball, location: 2F
2-2: Foul Ball, location: 2F
2-2: Foul Ball, location: 2F
2-2: Strikes out swinging
Batting: LHB Israel Ball 0-0: Swinging Strike
0-1: SINGLE (Line Drive, 89M, EV 92.5 MPH)
Batting: LHB John White 0-0: Called Strike
0-1: Called Strike
0-2: Strikes out swinging
Batting: RHB Ash Djojopoespito 0-0: Ball
1-0: Called Strike
1-1: Ball
2-1: Ball
3-1: Fly out, F8 (Flyball, 78D, EV 91.2 MPH)
Top of the 4th over - 0 runs, 1 hit, 0 errors, 1 left on base; Albany 0 - Chesapeake 1
BOTTOM OF THE 4TH
Chesapeake Mallards batting - Pitching for Albany Chiefs : LHP Cornelius Harding
Batting: RHB Trystan Didkowsky 0-0: Ball
1-0: Ball
2-0: Ball
3-0: Base on Balls
Batting: LHB Justin Rice 0-0: Foul Ball, location: 2F
0-1: Swinging Strike
0-2: Strikes out swinging
Batting: SHB Bryson Daly 0-0: Foul Ball, location: 2F
0-1: Grounds into double play, 6-4-3 (Groundball, 6, EV 82.5 MPH)
Bottom of the 4th over - 0 runs, 0 hits, 0 errors, 0 left on base; Albany 0 - Chesapeake 1
TOP OF THE 5TH
Albany Chiefs batting - Pitching for Chesapeake Mallards : RHP Elwin Magomu
Batting: RHB Beau Ede 0-0: Called Strike
0-1: Ground out 6-3 (Groundball, 6, EV 85.6 MPH)
Batting: RHB Martin McDaniel 0-0: Ground out 6-3 (Groundball, 6, EV 106.9 MPH)
Batting: RHB Rob Lewis 0-0: Called Strike
0-1: Ball
1-1: Fly out, F8 (Flyball, 8LM, EV 90.6 MPH)
Top of the 5th over - 0 runs, 0 hits, 0 errors, 0 left on base; Albany 0 - Chesapeake 1
BOTTOM OF THE 5TH
Chesapeake Mallards batting - Pitching for Albany Chiefs : LHP Cornelius Harding
Batting: LHB Justin Long 0-0: Foul Ball, location: 2F
0-1: Called Strike
0-2: Strikes out looking
Batting: LHB Cole Hasten 0-0: Ball
1-0: Ball
2-0: Ground out 6-3 (Groundball, 6MD, EV 106.2 MPH)
Batting: RHB Mikel Slayden 0-0: Ball
1-0: SINGLE (Line Drive, 8RS, EV 96.2 MPH)
Batting: RHB Justin Reaves 0-0: Ball
1-0: Ball
Wild Pitch!
Mikel Slayden to second
2-0: Ball
3-0: Called Strike
3-1: Foul Ball, location: 2F
3-2: Foul Ball, location: 2F
3-2: Fly out, F9 (Flyball, 9D, EV 101.2 MPH)
Bottom of the 5th over - 0 runs, 1 hit, 0 errors, 1 left on base; Albany 0 - Chesapeake 1
TOP OF THE 6TH
Albany Chiefs batting - Pitching for Chesapeake Mallards : RHP Elwin Magomu
Batting: SHB Ean Fink 0-0: Hit by Pitch
Batting: RHB Luke Johnson 0-0: Ball
1-0: Foul Ball, location: 2F
1-1: Ball
2-1: Fly out, F7 (Flyball, 7LS, EV 81.2 MPH)
Pinch Hitting: RHB Eric Massaro 0-0: Called Strike
Ean Fink is caught stealing 2nd base 2-4
0-1: Ball
1-1: Called Strike
1-2: Fly out, F7 (Flyball, 78S, EV 94.4 MPH)
Top of the 6th over - 0 runs, 0 hits, 0 errors, 0 left on base; Albany 0 - Chesapeake 1
BOTTOM OF THE 6TH
Chesapeake Mallards batting - Pitching for Albany Chiefs : LHP Cornelius Harding
Now at 2B: Micah Ewing
Batting: RHB Elias Howard 0-0: Ball
1-0: Called Strike
1-1: Foul Ball, location: 2F
1-2: Ground out 4-3 (Groundball, 4, EV 96.2 MPH)
Batting: LHB Brice Younce 0-0: Fly out, F8 (Flyball, 78D, EV 96.9 MPH)
Batting: RHB Trystan Didkowsky 0-0: Called Strike
0-1: Swinging Strike
0-2: Strikes out swinging
Bottom of the 6th over - 0 runs, 0 hits, 0 errors, 0 left on base; Albany 0 - Chesapeake 1
TOP OF THE 7TH
Albany Chiefs batting - Pitching for Chesapeake Mallards : RHP Elwin Magomu
Batting: LHB Israel Ball 0-0: Ball
1-0: Ball
2-0: Ball
3-0: Base on Balls
Pitching: LHP Keller Pailing
Pinch Hitting: RHB Dane Murray 0-0: Ball
1-0: Swinging Strike
1-1: Fly out, F8 (Flyball, 8LD, EV 87.5 MPH)
Pinch Hitting: RHB Montray Osewe 0-0: Called Strike
0-1: Called Strike
0-2: Ball
Israel Ball steals 2nd base
1-2: Ball
2-2: Foul Ball, location: 2F
2-2: Strikes out swinging
Batting: RHB Beau Ede 0-0: Foul Ball, location: 2F
0-1: 2-RUN HOME RUN (Flyball, 7D, EV 97.5 MPH), Distance : 383 ft
Batting: RHB Martin McDaniel 0-0: Ball
1-0: Ball
2-0: Ball
3-0: Called Strike
3-1: Base on Balls
Batting: RHB Rob Lewis 0-0: Ball
1-0: Ball
2-0: Foul Ball, location: 2F
2-1: Ball
3-1: Called Strike
3-2: 2-RUN HOME RUN (Flyball, 78XD, EV 105.6 MPH), Distance : 421 ft
Pitching: RHP Namon Gorlenko
Batting: SHB Ean Fink 0-0: Called Strike
0-1: Ball
1-1: Ball
2-1: Ball
3-1: Base on Balls
Batting: RHB Luke Johnson 0-0: Ball
Ean Fink steals 2nd, throwing error, E2
Ean Fink to third
1-0: Called Strike
1-1: Ball
2-1: Foul Ball, location: 2F
2-2: Fly out, F8 (Flyball, 8RM, EV 88.8 MPH)
Top of the 7th over - 4 runs, 2 hits, 1 error, 1 left on base; Albany 4 - Chesapeake 1
BOTTOM OF THE 7TH
Chesapeake Mallards batting - Pitching for Albany Chiefs : LHP Cornelius Harding
Now at SS: Desmond Randel
Now in LF: Whit Carranza
Batting: LHB Justin Rice 0-0: Swinging Strike
0-1: Ball
1-1: Fly out, F8 (Flyball, 8LD, EV 108.1 MPH)
Batting: SHB Bryson Daly 0-0: Called Strike
0-1: Ball
1-1: DOUBLE (Line Drive, 8RXD, EV 108.1 MPH)
Batting: LHB Justin Long 0-0: Ball
Wild Pitch!
Bryson Daly to third
1-0: Ball
2-0: Ball
3-0: Base on Balls
Pinch Hitting: RHB Caleb O'Neil 0-0: Grounds into double play, 6-4-3 (Groundball, 6, EV 83.1 MPH)
Bottom of the 7th over - 0 runs, 1 hit, 0 errors, 1 left on base; Albany 4 - Chesapeake 1
TOP OF THE 8TH
Albany Chiefs batting - Pitching for Chesapeake Mallards : RHP Namon Gorlenko
Now at 1B: Raleigh Lorenzo
Batting: RHB Micah Ewing 0-0: Called Strike
0-1: Ball
1-1: Ball
2-1: Swinging Strike
2-2: Strikes out swinging
Batting: LHB Israel Ball 0-0: Called Strike
0-1: Swinging Strike
0-2: Ball
1-2: Ball
2-2: Foul Ball, location: 2F
2-2: Ground out 5-3 (Groundball, 56S, EV 88.1 MPH)
Batting: LHB Whit Carranza 0-0: Ball
1-0: Ball
2-0: Called Strike
2-1: Fly out, F8 (Flyball, 8LD, EV 86.9 MPH)
Top of the 8th over - 0 runs, 0 hits, 0 errors, 0 left on base; Albany 4 - Chesapeake 1
BOTTOM OF THE 8TH
Chesapeake Mallards batting - Pitching for Albany Chiefs : LHP Cornelius Harding
Batting: RHB Mikel Slayden 0-0: Fly out, F5 (Popup, 25, EV 87.5 MPH)
Batting: RHB Justin Reaves 0-0: Ground out 6-3 (Groundball, 56, EV 104.4 MPH)
Batting: RHB Elias Howard 0-0: Fly out, F5 (Popup, 5, EV 71.9 MPH)
Bottom of the 8th over - 0 runs, 0 hits, 0 errors, 0 left on base; Albany 4 - Chesapeake 1
TOP OF THE 9TH
Albany Chiefs batting - Pitching for Chesapeake Mallards : RHP Namon Gorlenko
Batting: RHB Desmond Randel 0-0: Called Strike
0-1: Foul Ball, location: 2F
0-2: Foul Ball, location: 2F
0-2: Fly out, F7 (Flyball, 78M, EV 83.8 MPH)
Batting: RHB Beau Ede 0-0: Foul Ball, location: 2F
0-1: Ground out 6-3 (Groundball, 6, EV 85.0 MPH)
Batting: RHB Martin McDaniel 0-0: Called Strike
0-1: Fly out, F8 (Line Drive, 89M, EV 107.5 MPH)
Top of the 9th over - 0 runs, 0 hits, 0 errors, 0 left on base; Albany 4 - Chesapeake 1
BOTTOM OF THE 9TH
Chesapeake Mallards batting - Pitching for Albany Chiefs : LHP Cornelius Harding
Pitching: RHP Adrian Patrick
Batting: LHB Brice Younce 0-0: Ball
1-0: Swinging Strike
1-1: Ground out 4-3 (Groundball, 4, EV 88.8 MPH)
Batting: RHB Trystan Didkowsky 0-0: Ball
1-0: Called Strike
1-1: Called Strike
1-2: Ball
2-2: SOLO HOME RUN (Flyball, 7D, EV 100.6 MPH), Distance : 393 ft
Batting: LHB Justin Rice 0-0: Fly out, F7 (Flyball, 7D, EV 105.0 MPH)
Batting: SHB Bryson Daly 0-0: SINGLE (Flyball, 8LS, EV 95.0 MPH)
Batting: LHB Justin Long 0-0: Ball
1-0: Ball
2-0: SINGLE (Line Drive, 78S, EV 114.4 MPH)
Bryson Daly to second
Batting: RHB Raleigh Lorenzo 0-0: Ball
1-0: Fly out, F8 (Flyball, 8RM, EV 75.0 MPH)
Bottom of the 9th over - 1 run, 3 hits, 0 errors, 2 left on base; Albany 4 - Chesapeake 2
Monday, March 25th , 2024 - OOTP Baseball 23.10 Build 110